 Dungeon Crawl Stone Soup version 0.22-a0-32-ga749362 (webtiles) character file.

14975 tilp the Destroyer (level 11, 0/89 HPs)
             Began as a White Draconian Conjurer on Jan 3, 2018.
             Was an Elder of Vehumet.
             Slain by a brown ugly thing (9 damage)
             ... on level 12 of the Dungeon.
             The game lasted 00:51:36 (16594 turns).

tilp the Destroyer (White Draconian Conjurer)      Turns: 16594, Time: 00:51:36

Health: 0/89       AC: 12    Str: 11    XL:     11   Next: 95%
Magic:  21/24      EV: 13    Int: 29    God:    Vehumet [****..]
Gold:   590        SH:  0    Dex: 11    Spells: 0/29 levels left

rFire    + . .     SeeInvis .   l - +5 quarterstaff of Tenacity {freeze, Int+4}
rCold    . . .     Gourm    .   (shield currently unavailable)
rNeg     + . .     Faith    .   (armour unavailable)
rPois    .         Spirit   .   (helmet restricted)
rElec    .         Reflect  .   h - +0 cloak
rCorr    .         Harm     .   v - +0 pair of gloves
MR       .....                  (no boots)
Stlth    ++........             (no amulet)
HPRegen  0.24/turn              b - +3 ring of protection
MPRegen  0.19/turn              q - ring "Leshrouc" {Fire *Drain +Blink rN+ Int+6}

@: marked
A: breathe frost, unfitting armour, cold resistance 1, cold-blooded, AC +7
a: Breathe Frost, Renounce Religion, Evoke Blink


You were on level 12 of the Dungeon.
You worshipped Vehumet.
Vehumet was greatly pleased with you.
You were not hungry.

You visited 2 branches of the dungeon, and saw 13 of its levels.
You also visited: Labyrinth.

You collected 590 gold pieces.

Inventory:

Hand Weapons
 a - a +2 short sword of venom
 i - a +4 demon trident of freezing
 l - the +5 quarterstaff of Tenacity (weapon) {freeze, Int+4}
   (You found it in a labyrinth)

   It has been specially enchanted to freeze those struck by it, causing extra
   injury to most foes and up to half again as much damage against particularly
   susceptible opponents.
   It can also slow down cold-blooded creatures.
   It affects your intelligence (+4).
 o - a cursed -3 dagger
 M - a +2 scimitar of flaming
 S - the +3 hand axe of Floods {flame, Dex+2 Stlth+}
   (You found it on level 11 of the Dungeon)

   It has been specially enchanted to burn those struck by it, causing extra
   injury to most foes and up to half again as much damage against particularly
   susceptible opponents.
   Big, fiery blades are also staple armaments of hydra-hunters.
   It affects your dexterity (+2).
   It makes you more stealthy.
Missiles
 g - 7 javelins (quivered)
 I - 6 tomahawks
Armour
 h - a +0 cloak (worn)
 v - a +0 pair of gloves (worn)
Magical Staves
 Q - an uncursed staff of poison {unknown}
Jewellery
 b - a +3 ring of protection (left hand)
 q - the ring "Leshrouc" (right hand) {Fire *Drain +Blink rN+ Int+6}
   (You took it off a minotaur in a labyrinth)

   [ring of fire]

   It enhances your fire magic.
   It affects your intelligence (+6).
   It protects you from fire.
   It makes you vulnerable to cold.
   It protects you from negative energy.
   It lets you blink.
   It causes draining when unequipped.
 A - an uncursed ring of resist corrosion
 D - an uncursed amulet of rage {unknown}
 K - an uncursed amulet of magic regeneration {unknown}
 T - a +2 ring of slaying
 X - an uncursed ring of protection from magic
Wands
 m - a wand of enslavement (15)
 w - a wand of scattershot (1)
 y - a wand of acid (8)
 C - a wand of flame (22)
 O - a wand of digging (16)
Scrolls
 c - 3 scrolls of magic mapping
 d - 4 scrolls of teleportation
 e - 2 scrolls of random uselessness {unknown}
 f - 4 scrolls of remove curse
 u - a scroll of amnesia {unknown}
 x - a scroll of brand weapon {unknown}
 E - a scroll of enchant armour {unknown}
 G - a scroll of blinking {unknown}
 H - a scroll of fog {unknown}
 U - 2 scrolls of noise {unknown}
 Z - a scroll of acquirement {unknown}
Potions
 n - 2 potions of might
 r - a potion of agility
 t - 3 potions of haste
 z - a potion of lignification {unknown}
 B - a potion of magic {unknown}
 F - a potion of resistance {unknown}
 P - 2 potions of mutation {unknown}
Books
 k - a book of Minor Magic

   Spells                             Type                      Level
   a - Magic Dart                     Conjuration                  1
   b - Blink                          Translocation                2
   c - Call Imp                       Summoning                    2
   d - Slow                           Hexes                        2
   e - Conjure Flame                  Conjuration/Fire             3
   f - Mephitic Cloud                 Conjuration/Poison/Air       3
 p - a book of Spatial Translocations

   Spells                             Type                      Level
   a - Blink                          Translocation                2
   b - Shroud of Golubria             Charms/Translocation         2
   c - Lesser Beckoning               Translocation                3
   d - Gell's Gravitas                Translocation                3
   e - Teleport Other                 Translocation                3
   f - Passage of Golubria            Translocation                4
 s - a book of Conjurations

   Spells                             Type                      Level
   a - Magic Dart                     Conjuration                  1
   b - Searing Ray                    Conjuration                  2
   c - Dazzling Spray                 Conjuration/Hexes            3
   d - Fulminant Prism                Conjuration/Hexes            4
   e - Force Lance                    Conjuration/Translocation    4
   f - Iskenderun's Mystic Blast      Conjuration                  4
 J - a book of Clouds

   Spells                             Type                      Level
   a - Poisonous Vapours              Poison/Air                   2
   b - Mephitic Cloud                 Conjuration/Poison/Air       3
   c - Conjure Flame                  Conjuration/Fire             3
   d - Freezing Cloud                 Conjuration/Ice/Air          6
   e - Ring of Flames                 Charms/Fire                  7
 Y - the Tome of Good Luck and Creation
   (You found it in a labyrinth)

   Spells                             Type                      Level
   a - Infusion                       Charms                       1
   b - Regeneration                   Charms/Necromancy            3
   c - Summon Mana Viper              Hexes/Summoning              5
   d - Aura of Abjuration             Summoning                    5
   e - Deflect Missiles               Charms/Air                   6
Comestibles
 j - 22 rations
 L - 3 chunks of flesh


   Skills:
 - Level 6.0 Fighting
 - Level 4.2 Dodging
 - Level 4.0 Stealth
 + Level 9.6 Spellcasting
 + Level 13.1 Conjurations
 + Level 6.7 Ice Magic
 - Level 4.2 Evocations


You couldn't memorise any spells.
You knew the following spells:

 Your Spells              Type           Power        Failure   Level  Hunger
a - Magic Dart            Conj           ####         0%          1    None
b - Searing Ray           Conj           ######       1%          2    None
c - Iskenderun's Mystic   Conj           ######..     1%          4    None
d - Fulminant Prism       Conj/Hex       ######....   1%          4    None
e - Conjure Flame         Conj/Fire      ######..     1%          3    None
f - Mephitic Cloud        Conj/Pois/Air  #####...     1%          3    None
g - Throw Frost           Conj/Ice       ######       1%          2    None
h - Throw Icicle          Conj/Ice       ######..     1%          4    None
i - Freezing Cloud        Conj/Ice/Air   ######....   11%         6    #####..


Dungeon Overview and Level Annotations

Branches:
Dungeon (12/15)            Temple (1/1) D:4            Lair (0/6) D:8
    Orc: D:9-12

Altars:
Ashenzari
Cheibriados
Dithmenos
Elyvilon
Fedhas
Gozag
Hepliaklqana
Kikubaaqudgha
Makhleb
Nemelex Xobeh
Okawaru
Qazlal
Ru
Sif Muna
Trog
Uskayaw
Vehumet
Wu Jian
Xom
Yredelemnul
Zin
The Shining One

Shops:
D:5 *   D:8 (

Annotations:
D:3 Ijyb
D:4 Squigly's ghost, amateur DsFi
D:8 Gastronok
D:10 Feta's ghost, journeyman HOFE


Innate Abilities, Weirdness & Mutations

You can breathe waves of freezing cold.
You can buffet flying creatures when you breathe cold.
Your icy white scales are hard. (AC +7)
You cannot fit into any form of body armour.
Your flesh is cold resistant. (rC+)
You are cold-blooded and may be slowed by cold attacks.


Message History

Here: a brown ugly thing (lightly wounded)
The floor.
Aiming: Scattershot
Press: ? - help, Shift-Dir - straight line, f/p - orc warrior
Aim: an orc warrior, wielding a hand axe and wearing a plate armour The burst of metal fragments hits the brown ugly thing. x3
The burst of metal fragments hits the orc warrior.
The burst of metal fragments hits the brown ugly thing. x4
The brown ugly thing is almost dead.
The brown ugly thing engulfs you!
You are splashed with acid!
The acid burns!
You hit the brown ugly thing. You freeze the brown ugly thing.
The brown ugly thing is almost dead.
The brown ugly thing engulfs you!
* * * LOW HITPOINT WARNING * * *
You are splashed with acid!
The acid burns!
* * * LOW HITPOINT WARNING * * *
The orc wizard mumbles some strange words.
The orc wizard flickers and vanishes!
You feel better. The brown ugly thing engulfs you!
You die...

##### #...# ##### # ##..# #...#
..## #..# #o..###....
#..##############YoYo...#
#.........@ugho{{o.o....#
#......#########oo......#
#......# #.o......# ####......#
#........# #.........#
#........#
##.........#########.)........
#..............................
#...................########...
#...................# ###


You could see a brown ugly thing, a yak, a warg, an orc warrior, 3 orcs and a
goblin.

Vanquished Creatures
  A minotaur (Lab)
  Erica (D:8)
  3 two-headed ogres
  Pikel (D:3)
  An ugly thing (D:11)
  Psyche (D:8)
  A komodo dragon (D:12)
  4 kobold demonologists (D:11)
  2 trolls
  Grinder (D:6)
  2 hippogriffs
  A wraith (D:11)
  A wyvern (D:11)
  3 yaks (D:9)
  A human (D:7)
  3 hungry ghosts
  4 hogs (D:7)
  2 wargs (D:8)
  Menkaure (D:7)
  2 water moccasins
  5 sky beasts
  A hornet zombie (D:7)
  2 orc warriors (D:8)
  4 black bears
  3 slaves (D:4)
  2 ice beasts
  4 boggarts (D:9)
  A necrophage (D:9)
  8 ogres
  2 centaurs
  2 big kobolds
  8 bullfrogs
  7 scorpions
  A wyvern skeleton (D:7)
  15 killer bees
  5 wights
  A howler monkey (D:4)
  2 bullfrog zombies
  4 crimson imps
  7 hounds
  A quasit (D:6)
  A centaur zombie (D:6)
  4 jellies
  A bullfrog skeleton (D:11)
  4 orc priests
  10 orc wizards
  2 iguanas
  8 worker ants
  A hound zombie (D:10)
  A hound skeleton (D:5)
  A howler monkey zombie (D:11)
  2 worker ant zombies
  4 gnolls (D:7)
  11 adders
  A leopard gecko (D:2)
  27 orcs
  2 ball pythons
  7 bats
  5 giant cockroaches
  7 goblins
  3 hobgoblins
  14 jackals
  18 kobolds
  5 quokkas
  5 frilled lizards
  A jackal skeleton (D:9)
  A jackal zombie (D:5)
  A quokka skeleton (D:7)
  8 rats
276 creatures vanquished.

Vanquished Creatures (others)
  A hound (D:4)
  A jackal (D:4)
  2 fulminant prisms
4 creatures vanquished.

Grand Total: 280 creatures vanquished

Notes
Turn   | Place    | Note
-------+----------+-------------------------------------------
     0 | D:1      | tilp the Draconian Conjurer began the quest for the Orb.
     0 | D:1      | Reached XP level 1. HP: 14/14 MP: 3/3
   404 | D:1      | Reached XP level 2. HP: 11/20 MP: 1/5
   412 | D:1      | Learned a level 2 spell: Searing Ray
  1351 | D:2      | Reached XP level 3. HP: 23/26 MP: 1/7
  1694 | D:2      | Reached XP level 4. HP: 30/33 MP: 3/8
  1751 | D:2      | Learned a level 4 spell: Iskenderun's Mystic Blast
  1989 | D:2      | Found a glowing golden altar of the Shining One.
  2302 | D:3      | Found a shadowy altar of Dithmenos.
  2555 | D:3      | Noticed Ijyb
  2801 | D:3      | Reached skill level 5 in Conjurations
  2831 | D:3      | Found a deep blue altar of Sif Muna.
  3260 | D:4      | Noticed Squigly's ghost (amateur DsFi)
  3386 | D:4      | Reached XP level 5. HP: 32/38 MP: 2/10
  3451 | D:4      | Noticed a slave
  3455 | D:4      | Noticed a slave
  3479 | D:4      | Killed a slave
  3646 | D:4      | Noticed Pikel
  3648 | D:4      | Noticed a slave
  3655 | D:4      | Killed a slave
  3664 | D:4      | Noticed a slave
  4037 | D:4      | Killed a slave
  4185 | D:3      | Killed Pikel
  4185 | D:3      | Reached skill level 5 in Spellcasting
  4185 | D:3      | Reached skill level 7 in Conjurations
  4185 | D:3      | Reached XP level 6. HP: 23/45 MP: 7/14
  4185 | D:3      | Your scales start taking on an icy white colour.
  4185 | D:3      | Reached XP level 7. HP: 25/50 MP: 7/15
  4185 | D:3      | Gained mutation: Your flesh is cold resistant. (rC+) [White Draconian growth]
  4456 | D:4      | Found a staircase to the Ecumenical Temple.
  4472 | Temple   | Entered the Ecumenical Temple
  4779 | D:5      | Entered Level 5 of the Dungeon
  4942 | D:5      | Found a glowing silver altar of Zin.
  5284 | D:5      | Reached XP level 8. HP: 51/57 MP: 10/17
  5358 | D:5      | Reached skill level 8 in Conjurations
  5364 | D:5      | Learned a level 4 spell: Fulminant Prism
  5496 | D:5      | Reached skill level 1 in Fighting
  5569 | D:5      | Found a radiant altar of Vehumet.
  5587 | D:5      | Became a worshipper of Vehumet
  5658 | D:5      | Found Ytiv's Serpentskin Sales.
  6273 | D:6      | Reached skill level 1 in Evocations
  6782 | D:6      | Learned a level 3 spell: Conjure Flame
  6793 | D:6      | Noticed Grinder
  6805 | D:6      | Reached * piety under Vehumet
  6805 | D:6      | Offered knowledge of Shock by Vehumet.
  6812 | D:6      | Killed Grinder
  6812 | D:6      | Reached XP level 9. HP: 65/71 MP: 8/18
  6821 | D:6      | Learned a level 3 spell: Mephitic Cloud
  7084 | D:7      | Noticed Menkaure
  7089 | D:7      | Killed Menkaure
  7642 | D:7      | HP: 3/71 [hornet zombie (10)]
  7652 | D:7      | HP: 2/71 [hornet zombie (8)]
  8479 | D:7      | Found a snail-covered altar of Cheibriados.
  8493 | D:7      | Reached skill level 9 in Conjurations
  8495 | D:7      | Offered knowledge of Throw Frost by Vehumet.
  8656 | D:7      | Learned a level 2 spell: Throw Frost
  8918 | D:7      | Reached ** piety under Vehumet
  8932 | D:7      | Reached XP level 10. HP: 44/78 MP: 4/21
  9424 | D:8      | Noticed Psyche
  9428 | D:8      | Killed Psyche
  9582 | D:8      | Reached skill level 10 in Conjurations
  9682 | D:8      | Noticed Erica
  9867 | D:8      | Found a staircase to the Lair.
  9894 | D:8      | Killed Erica
  9894 | D:8      | Reached skill level 11 in Conjurations
 10033 | D:8      | Offered knowledge of Ignite Poison by Vehumet.
 10221 | D:8      | Noticed a two-headed ogre
 10237 | D:8      | Killed a two-headed ogre
 10349 | D:8      | Noticed Gastronok
 10669 | D:8      | Found Ferchuq's Antique Weapon Boutique.
 11049 | D:9      | Reached skill level 12 in Conjurations
 11057 | D:9      | Reached skill level 1 in Ice Magic
 11329 | D:9      | Noticed a two-headed ogre
 11486 | D:9      | Found a sacrificial altar of Ru.
 11497 | D:9      | Reached XP level 11. HP: 85/85 MP: 11/23
 11776 | D:9      | Reached *** piety under Vehumet
 12029 | D:9      | Found a basalt altar of Yredelemnul.
 12067 | D:10     | Entered Level 10 of the Dungeon
 12247 | D:10     | Reached skill level 5 in Fighting
 12690 | D:10     | Noticed Feta's ghost (journeyman HOFE)
 12887 | D:9      | Offered knowledge of Throw Icicle by Vehumet.
 12896 | D:9      | Learned a level 4 spell: Throw Icicle
 13420 | D:10     | Got an iridescent hand crossbow
 13467 | D:10     | Found a blossoming altar of Fedhas.
 13790 | D:11     | Noticed a two-headed ogre
 13802 | D:11     | Killed a two-headed ogre
 13858 | D:11     | Found a flagged portal.
 13861 | D:11     | Found a labyrinth entrance.
 13866 | D:11     | Got a slimy hand axe
 13869 | D:11     | Got an encrusted hand axe
 14010 | Lab      | Entered a labyrinth
 14317 | Lab      | Noticed a minotaur
 14333 | Lab      | Killed a minotaur
 14360 | Lab      | HP: 4/89 [poisoned by a minotaur]
 14366 | Lab      | HP: 4/89 [poisoned by a minotaur]
 14374 | Lab      | HP: 4/89 [poisoned by a minotaur]
 14409 | Lab      | Got a smoking brass ring
 14415 | Lab      | Identified the Tome of Good Luck and Creation
 14423 | Lab      | Identified the ring "Leshrouc" {Fire *Drain +Blink rN+ Int+6} (You took it off a minotaur in a labyrinth)
 14433 | Lab      | Identified the +3 hand axe of Floods {flame, Dex+2 Stlth+} (You found it on level 11 of the Dungeon)
 14434 | Lab      | Identified the +2 hand crossbow of Finedih {flame, rPois rC- Stlth+} (You took it off a kobold on level 10 of the Dungeon)
 14435 | Lab      | Identified the +3 hand axe of Immorality {antimagic, rPois rN+ Dex+2 SInv} (You found it on level 11 of the Dungeon)
 14454 | Lab      | Got a scorched quarterstaff
 14455 | Lab      | Identified the +5 quarterstaff of Tenacity {freeze, Int+4} (You found it in a labyrinth)
 14890 | D:11     | Noticed a green ugly thing
 14901 | D:11     | Killed a green ugly thing
 14944 | D:11     | Noticed a two-headed ogre
 14953 | D:11     | Killed a two-headed ogre
 14953 | D:11     | Reached skill level 5 in Ice Magic
 15161 | D:11     | Noticed a sun demon
 15771 | D:11     | Reached skill level 13 in Conjurations
 15775 | D:11     | Reached **** piety under Vehumet
 16348 | D:12     | Offered knowledge of Yara's Violent Unravelling by Vehumet.
 16419 | D:12     | Learned a level 6 spell: Freezing Cloud
 16582 | D:12     | Noticed a brown ugly thing
 16593 | D:12     | HP: 3/89 [acid (7)]
 16594 | D:12     | Slain by a brown ugly thing

Vault maps used:
D:1:      minmay_arrival_up_and_down, minmay_misc_feat_five
D:2:      tso_altar, st_stairs_4
D:3:      overflow_temple_1_default, grunt_dithmenos_smoke_and_mirrors,
          hex_tiny, uniq_ijyb
D:4:      minmay_temple_entry_fiery, uniq_pikel
D:5:      nicolae_overflow_crystal_walls, vehumet_altar_wand_db, first_ration,
          mrwooster_statue_mirror, hangedman_abyss_or_decor_stabs,
          nrook_mini_vaults, corner_web_ring, minmay_misc_feat_roman,
          guppyfry_shop_venom
D:6:      uniq_grinder
D:7:      kennysheep_mini_moat, hex_medium, grunt_livestock, feat_on_display,
          uniq_menkaure
D:8:      erik_lair_orcish_takeover, serial_glass, glass_columns_c,
          glass_columns_a, glass_columns_a, glass_columns_a, serial_shops, shop,
          uniq_erica, uniq_psyche, uniq_gastronok
D:9:      kennysheep_little_box, nicolae_ru_sacrificial_ziggurat
D:10:     fedhas_altar_4
D:11:     wad_cavern_with_rooms, lab_entry_generic, enter_bailey_2
D:12:     erik_orc_3
Temple:   eino_narrow_crystal_temple
Lab:      labyrinth_spiral, nicolae_lab_stuck, nicolae_lab_starburst

Skill      XL: |  1  2  3  4  5  6  7  8  9 10 11 |
---------------+----------------------------------+-----
Spellcasting   | 3 5 6 7 8 9 |  9.6
Conjurations   | 5 7 8 9 12 13 | 13.1
Fighting       | 4 6 |  6.0
Dodging        | 4 |  4.2
Stealth        | 3 4 |  4.0
Evocations     | 2 4 |  4.2
Ice Magic      | 2 6 |  6.7

Action                   |  1- 3 |  4- 6 |  7- 9 | 10-12 || total
-------------------------+-------+-------+-------+-------++-------
Melee: Spear             |   102 |     6 |       |       ||   108
       Tailslap          |    12 |     7 |    14 |    18 ||    51
       Short sword       |       |    61 |   111 |   119 ||   291
       Quarterstaff      |       |       |       |    94 ||    94
 Cast: Magic Dart        |    13 |     7 |    29 |    26 ||    75
       Searing Ray       |     4 |    17 |    45 |    73 ||   139
       Iskenderun's Myst |       |       |     2 |    19 ||    21
       Conjure Flame     |       |       |       |    15 ||    15
       Fulminant Prism   |       |       |       |     2 ||     2
       Throw Icicle      |       |       |       |    27 ||    27
       Throw Frost       |       |       |       |     3 ||     3
       Mephitic Cloud    |       |       |       |     1 ||     1
 Abil: Breathe Frost     |       |       |     7 |     9 ||    16
       Evoke Blink       |       |       |       |     1 ||     1
Evoke: Wand              |       |       |     6 |     4 ||    10
  Use: Scroll            |       |     9 |     1 |     4 ||    14
       Potion            |       |     2 |     1 |     4 ||     7
 Stab: Sleeping          |     1 |     6 |     3 |     4 ||    14
  Eat: Chunk             |     3 |     8 |    11 |    18 ||    40
       Ration            |       |       |     2 |     3 ||     5
Armor: Skin              |    43 |    24 |    58 |   149 ||   274
Dodge: Dodged            |    77 |    59 |   134 |   251 ||   521

Table legend:
 A = Spawn XP
 B = Non-spawn XP
 C = Spawn XP percentage of total XP
 D = Spawn monster count
 E = Non-spawn monster count
 F = Spawn count percentage of total count
 G = Total turns spent on level
                    A         B        C        D         E        F      G
               +---------+---------+-------+---------+---------+-------+---------
         Total |       0 |   21394 |   0.0 |       0 |     273 |   0.0 | 16594
               +---------+---------+-------+---------+---------+-------+---------
           D:1 |       0 |      29 |   0.0 |       0 |      18 |   0.0 |  1229
           D:2 |       0 |      80 |   0.0 |       0 |      21 |   0.0 |  1022
           D:3 |       0 |     647 |   0.0 |       0 |      13 |   0.0 |  1275
           D:4 |       0 |     305 |   0.0 |       0 |      13 |   0.0 |  1181
           D:5 |       0 |     787 |   0.0 |       0 |      16 |   0.0 |  1052
           D:6 |       0 |    1208 |   0.0 |       0 |      25 |   0.0 |  1173
           D:7 |       0 |    2758 |   0.0 |       0 |      38 |   0.0 |  2299
           D:8 |       0 |    3729 |   0.0 |       0 |      37 |   0.0 |  1669
           D:9 |       0 |    2638 |   0.0 |       0 |      28 |   0.0 |  2057
          D:10 |       0 |     789 |   0.0 |       0 |      16 |   0.0 |   509
          D:11 |       0 |    6425 |   0.0 |       0 |      38 |   0.0 |  1962
          D:12 |       0 |     841 |   0.0 |       0 |       9 |   0.0 |   321
           Lab |       0 |    1158 |   0.0 |       0 |       1 |   0.0 |   693
               +---------+---------+-------+---------+---------+-------+---------
